 Dungeon Crawl Stone Soup version 0.23-a0-208-gb6b040f (webtiles) character file.

74 grindst0ne the Sneak (level 4, -3/40 HPs)
             Began as a Naga Warper on Sept 25, 2018.
             Slain by Natasha (5 damage)
             ... on level 2 of the Dungeon.
             The game lasted 00:04:14 (2385 turns).

grindst0ne the Sneak (Naga Warper)                  Turns: 2385, Time: 00:04:15

Health: -3/40      AC:  3    Str: 14    XL:     4   Next: 28%
Magic:  7/7        EV: 10    Int: 13    God:
Gold:   74         SH:  0    Dex: 11    Spells: 7/7 levels left

rFire    . . .     SeeInvis +   c - +0 dagger
rCold    + . .     Gourm    .   (no shield)
rNeg     . . .     Faith    .   i - +1 robe {rC+}
rPois    +         Spirit   .   (no helmet)
rElec    .         Reflect  .   (no cloak)
rCorr    .         Harm     .   (no gloves)
MR       .....                  (no barding)
Stlth    +++.......             (no amulet)
HPRegen  0.13/turn              (no ring)
MPRegen  0.10/turn              (no ring)

@: short of breath, slowed, very slow
A: large, see invisible, deformed body, poison resistance, slowness 2, slow
metabolism 1, spit poison 1, AC +1
a: Spit Poison


You were on level 2 of the Dungeon.
You were very hungry.

You visited 1 branch of the dungeon, and saw 2 of its levels.

You collected 74 gold pieces.

Inventory:

Hand Weapons
 a - a +0 hand axe
 c - a +0 dagger (weapon)
Missiles
 e - 5 tomahawks of dispersal (quivered)
 j - 2 tomahawks
Armour
 b - a +0 leather armour
 i - a +1 robe of cold resistance (worn)
 m - a +0 chain mail
Jewellery
 p - an uncursed ring of protection from cold {unknown}
Scrolls
 d - a scroll of blinking
 g - a scroll of remove curse {unknown}
 h - 2 scrolls of identify {unknown}
 k - a scroll of enchant weapon {unknown}
 l - a scroll of magic mapping {unknown}
 n - a scroll of amnesia {unknown}
Potions
 o - a potion of magic {unknown}
 r - a potion of lignification {unknown}
Comestibles
 f - 3 rations


   Skills:
 + Level 2.9 Fighting
 - Level 2.0 Axes
 - Level 0.8 Throwing
 - Level 0.7 Armour
 - Level 1.5 Dodging
 * Level 4.9 Stealth
 - Level 2.0 Spellcasting
   Level 3.0 Translocations


You had 7 spell levels left.
You didn't know any spells.
Your spell library contained the following spells:

 Spells                   Type           Power        Failure   Level  Hunger
 Blink                    Tloc           N/A          11%         2    ###....
 Shroud of Golubria       Chrm/Tloc      #.........   21%         2    ###....
 Gell's Gravitas          Tloc           #.........   22%         3    ####...
 Lesser Beckoning         Tloc           #.........   22%         3    ####...
 Teleport Other           Tloc           #.......     22%         3    ####...
 Passage of Golubria      Tloc           N/A          58%         4    #####..


Dungeon Overview and Level Annotations

Branches:
Dungeon (2/15)

Altars:
Yredelemnul

Annotations:
D:2 Natasha


Innate Abilities, Weirdness & Mutations

You cannot wear boots.
Your serpentine skin is tough. (AC +1)
You have supernaturally acute eyesight. (SInv)
Armour fits poorly on your strangely shaped body.
Your system is resistant to poisons. (rPois)
You cover ground very slowly.
You have a slow metabolism.
You can spit poison.


Message History

The crimson imp disappears in a puff of smoke!
Natasha mumbles some strange words.
Natasha hisses.
The shadow imp spits at you. Natasha casts a spell at you.
You feel yourself slow down.
The iron imp shouts, "Run away, thou pandering ill-breeding surfacer!"
The iron imp hits you but does no damage.
Press: ? - help, Shift-Dir - straight line, f/p - Natasha
Aim: Natasha (severely wounded)
The splash of poison misses Natasha.
You feel slightly more hungry. Natasha claws you!
* * * LOW HITPOINT WARNING * * *
The iron imp hits you but does no damage.
The crimson imp blinks!
The shadow imp disappears in a puff of smoke!
Natasha claws you.
* * * LOW HITPOINT WARNING * * *
Natasha claws you.
You die...

.⌠...# ..#..# #....# ######.#..#
######### ######........#
........# #....#........#
##......########.##.#........#
...............5@..).......####
..[......#####.h.##.....##....##
#.........§.§.#####....#####..#
#......##....### #...## ##.#
###.######.....# #...# #.# #...#
##....# #....# #.## #.###
#†##.......## #.## #.# #####.#
.[...... #.#. ##.# #..§..#
.$#..# #...


You could see an iron imp and Natasha.

Vanquished Creatures
  4 adders (D:2)
  9 bats
  A giant cockroach (D:2)
  3 goblins
  2 hobgoblins (D:1)
  6 jackals (D:1)
  3 frilled lizards
  5 kobolds
  5 rats
38 creatures vanquished.

Notes
Turn   | Place    | Note
-------+----------+-------------------------------------------
     0 | D:1      | grindst0ne the Naga Warper began the quest for the Orb.
     0 | D:1      | Reached XP level 1. HP: 19/19 MP: 3/3
   392 | D:1      | Reached skill level 1 in Stealth
   693 | D:1      | Reached skill level 2 in Stealth
   693 | D:1      | Reached XP level 2. HP: 25/26 MP: 5/5
  1099 | D:1      | Reached skill level 3 in Stealth
  1466 | D:1      | Reached XP level 3. HP: 33/33 MP: 6/6
  1928 | D:2      | Reached skill level 4 in Stealth
  2189 | D:2      | Reached XP level 4. HP: 33/40 MP: 7/7
  2315 | D:2      | Noticed Natasha
  2354 | D:2      | Found a basalt altar of Yredelemnul.
  2385 | D:2      | HP: 2/40 [Natasha (3)]
  2385 | D:2      | Slain by Natasha

Vault maps used:
D:1:      sevenhm_arrival_forest_fort_small_5, minivault_27,
          minmay_close_crescents
D:2:      nicolae_overflow_hidden_temple, hangedman_feature_mirror,
          uniq_terence, uniq_natasha

Skill      XL: |  1  2  3 |
---------------+----------+-----
Stealth        | 2 3 4 |  4.9
Fighting       | |  2.9
Axes           | |  2.0
Throwing       | |  0.8
Armour         | |  0.7
Dodging        | |  1.5
Spellcasting   | |  2.0
Translocations | |  3.0

Action                   |  1- 3 |  4- 6 || total
-------------------------+-------+-------++-------
Melee: Hand axe          |    19 |       ||    19
       Dagger            |   145 |    44 ||   189
 Abil: Spit Poison       |     9 |     6 ||    15
  Use: Potion            |     1 |       ||     1
 Stab: Sleeping          |     2 |       ||     2
  Eat: Chunk             |     3 |       ||     3
Armor: Robe              |    77 |    17 ||    94
       Leather armour    |     2 |       ||     2
Dodge: Dodged            |   158 |    27 ||   185

Table legend:
 A = Non-vault XP
 B = Vault XP
 C = Vault XP percentage of total XP
 D = Non-vault monster count
 E = Vault monster count
 F = Vault count percentage of total count
                 A         B        C        D         E       F
            +---------+---------+-------+---------+---------+-------
      Total |      98 |       8 |   7.5 |      33 |       5 |  13.2
            +---------+---------+-------+---------+---------+-------
        D:1 |      33 |       6 |  15.4 |      20 |       4 |  16.7
        D:2 |      65 |       2 |   3.0 |      13 |       1 |   7.1
            +---------+---------+-------+---------+---------+-------
